AoeStats
← SlowBoy

Arabia

506470401Analyzed
1v1 RM · 18d ago on Sep 13, 2026· 31m 28s· 2 players
Game mode
Random Map
Map size
Tiny (2 player)
Population
200
Speed
Normal
Resources
Standard
Victory
Conquest
Starting age
Dark Age
Ending age
Imperial Age
RankedLock teamsTeams togetherTeam positionsShared explorationLock speedFull tech treeHidden civsTurbo modeCheats
Victory
Defeat
🇧🇷 Spanish · Brazil
1703
+16
🇧🇷 Khmer · Brazil
1710
-16
Jahhed
7:04 Loom
9:27 Feudal Age
9:37 Man-at-Arms
12:59 Double-Bit Axe
14:18 Horse Collar
17:49 Fletching
18:47 Wheelbarrow
23:57 Castle Age
21:49 Gold Mining
22:56 Scale Barding Armor
23:06 Bloodlines
23:52 Forging
25:05 Chain Barding Armor
25:19 Bow Saw
30:46 Heavy Plow
SlowBoy
7:34 Loom
9:56 Feudal Age
10:35 Double-Bit Axe
10:31 Horse Collar
16:55 Fletching
19:01 Padded Archer Armor
21:18 Wheelbarrow
21:18 Gold Mining
23:29 Castle Age
23:39 Elite Skirmisher
24:15 Bodkin Arrow
24:30 Bow Saw
25:42 Leather Archer Armor
26:10 Scale Barding Armor
27:06 Wheelbarrow
27:33 Bloodlines
27:48 Husbandry
30:26 Forging
Connection lost

Rejoining the realm…

Still unreachable

The connection could not be restored.

Session expired

The server has moved on; the page needs a fresh start.